 Dungeon Crawl Stone Soup version 0.23-a0-703-gdf2d5e0 (console) character file.

0 Duffy the Firebug (level 1, -1/13 HPs)
             Began as a Demonspawn Fire Elementalist on Jan 13, 2019.
             Slain by an iguana (14 damage)
             ... on level 4 of the Dungeon.
             The game lasted 00:00:30 (210 turns).

Duffy the Firebug (Demonspawn Fire Elementalist)     Turns: 210, Time: 00:00:31

Health: -1/13      AC:  2    Str:  8    XL:     1   Next: 8%
Magic:  0/3        EV: 12    Int: 16    God:
Gold:   12         SH:  0    Dex: 13    Spells: 3/4 levels left

rFire    . . .     SeeInvis .   (no weapon)
rCold    . . .     Gourm    .   (no shield)
rNeg     . . .     Faith    .   a - +0 robe
rPois    .         Spirit   .   (no helmet)
rElec    .         Reflect  .   (no cloak)
rCorr    .         Harm     .   (no gloves)
MR       .....                  (no boots)
Stlth    ++........             (no amulet)
HPRegen  0.04/turn              (no ring)
MPRegen  0.08/turn              (no ring)

@: no status effects
A: no striking features
a: no special abilities


You were on level 4 of the Dungeon.
You were not hungry.

You visited 1 branch of the dungeon, and saw 4 of its levels.

You collected 12 gold pieces.

Inventory:

Armour
 a - a +0 robe (worn)
Comestibles
 c - a ration


   Skills:
 - Level 1.7 Dodging
 - Level 1.7 Stealth
 - Level 2.0 Spellcasting
 + Level 1.1 Conjurations
 - Level 2.6 Fire Magic


You had 3 spell levels left.
You knew the following spells:

 Your Spells              Type           Power        Failure   Level  Hunger
h - Flame Tongue          Conj/Fire      #....        10%         1    #......

Your spell library contained the following spells:

 Spells                   Type           Power        Failure   Level  Hunger
 Throw Flame              Conj/Fire      #.....       14%         2    ###....
 Conjure Flame            Conj/Fire      #.......     28%         3    ###....
 Inner Flame              Hex/Fire       #.......     34%         3    ###....
 Sticky Flame             Conj/Fire      #.......     67%         4    #####..
 Fireball                 Conj/Fire      #.........   95%         5    ######.


Dungeon Overview and Level Annotations

Branches:
Dungeon (4/15)
 Temple: D:4-7

Altars:

Shops:
D:4 %

Annotations:
D:3 Grinder, Robin
D:4 exclusion: 2 worker ants


Message History

Press: ? - help, Shift-Dir - straight line, f/p - iguana
Aim: an iguana (heavily wounded)
The flame tongue misses the iguana.
The iguana bites you but does no damage.
Casting: Flame Tongue (safe; 10% risk of failure)
Confirm with . or Enter, or press ? or * to list all spells.
You don't have enough magic to cast that spell.
You hit the iguana but do no damage.
The iguana is heavily wounded.
The iguana barely misses you.
You aren't carrying any potions.
You aren't carrying any potions.
As you read the scroll labeled VEOL MIXES ULA, it crumbles to dust.
You feel blessed for a moment.
It was a scroll of remove curse.
The iguana barely misses you.
You completely miss the iguana.
The iguana is heavily wounded.
The iguana bites you!
Ouch! That really hurt!
You die...

###.~.~.##..#
#........
#.'..\..'...#
#.....$..
#.#.~.~.#..##
#.#......
#.#.....##.#
#.#....
#.#######..##
#...#
#.##...###.<###..#
#.##..## ##.##...#
#.....# #....#.#
###..## #.####@#
##...# #..# #l#
##..#.# #..# #.#
...#..# ...# #.#
.#...## #.#.. .<.
.....# #>### ##...
##.#.(.# #. ....#
...###.... ##..#
.### ###. ...


You could see an iguana.

Vanquished Creatures
  A jackal skeleton (D:4)
1 creature vanquished.

Notes
Turn   | Place    | Note
-------+----------+-------------------------------------------
     0 | D:1      | Duffy the Demonspawn Fire Elementalist began the quest for
                  | the Orb.
     0 | D:1      | Reached XP level 1. HP: 13/13 MP: 3/3
     0 | D:1      | Noticed a vampire
     0 | D:1      | Noticed a centaur
     2 | D:1      | Noticed a formicid
     5 | D:1      | Noticed a draconian
     6 | D:1      | Noticed a formicid
     8 | D:1      | Noticed an octopode
    12 | D:1      | Noticed a ghoul
    14 | D:1      | Noticed a ghoul
    16 | D:1      | Noticed a felid
    16 | D:1      | Noticed a centaur
    16 | D:1      | Noticed a felid
    20 | D:1      | Noticed a felid
    59 | D:3      | Noticed Grinder
    61 | D:3      | Paralysed by Grinder for 2 turns
    67 | D:3      | Noticed Robin
    76 | D:4      | Found Wics's Food Shoppe.
   168 | D:4      | Noticed a worker ant
   188 | D:4      | Noticed a worker ant
   202 | D:4      | Noticed an iguana
   210 | D:4      | Slain by an iguana

Vault maps used:
D:1:      shiori_arrival_whats_in_store_for_you, lemuel_old_faithful
D:2:      okawaru_ov_weapons_minmay
D:3:      chequers_temple_overflow_minitemple,
          gammafunk_temple_overflow_forgotten, uniq_robin, uniq_grinder
D:4:      lemuel_coloured_pillars_altar, serial_shops, kennysheep_little_box,
          uniq_edmund

Action                   || total
-------------------------++-------
Melee: Unarmed           ||     2
 Cast: Flame Tongue      ||     5
  Use: Scroll            ||     1
Armor: Robe              ||     2
Dodge: Dodged            ||     4

Table legend:
 A = Non-vault XP
 B = Vault XP
 C = Vault XP percentage of total XP
 D = Non-vault monster count
 E = Vault monster count
 F = Vault count percentage of total count
                 A         B        C        D         E       F
            +---------+---------+-------+---------+---------+-------
      Total |       1 |       0 |   0.0 |       1 |       0 |   0.0
            +---------+---------+-------+---------+---------+-------
        D:4 |       1 |       0 |   0.0 |       1 |       0 |   0.0
            +---------+---------+-------+---------+---------+-------
